 Dungeon Crawl Stone Soup version 0.31-a0-364-gb59cdcccf2 (webtiles) character file.

Game seed: 15266235437707766289

5679 Dirtsage the Grappler (level 10, -9/116 HPs)
             Began as a Demonspawn Shapeshifter on July 27, 2023.
             Was a Priest of Trog.
             Mangled by Erolcha
             ... wielding a +0 giant club
              (35 damage)
             ... on level 9 of the Dungeon.
             The game lasted 00:21:10 (8999 turns).

Dirtsage the Grappler (Demonspawn Shapeshifter)     Turns: 8999, Time: 00:21:11

Health: -9/116     AC:  9    Str: 25    XL:     10   Next: 47%
Magic:  10/10      EV: 10    Int:  9    God:    Trog [***...]
Gold:   453        SH:  0    Dex: 20    Spells: 9/9 levels left

rFire   . .          .
                       - Unarmed
rCold   . . .        (shield currently unavailable)
rNeg    . . .        G - melded +0 swamp dragon scales
rPois   .            (helmet currently unavailable)
rElec   .            (cloak currently unavailable)
rCorr   .            (gloves currently unavailable)
SInv    +            (boots currently unavailable)
Will    .....        (no amulet) Stlth
                     p - +6 ring of dexterity
HPRegen 0.39/turn    S - ring of see invisible
MPRegen 0.12/turn

%: no passive effects
@: berserking (expiring), snake-form, very quick
A: constrict, boosted hp, large, (hooves 1), (icy blue scales 2), powered by
death 1, powered by pain 1
a: Begin Untransformation, Renounce Religion, Berserk, Trog's Hand


You were on level 9 of the Dungeon.
You worshipped Trog.
Trog was most pleased with you.
You were an enormous anaconda.
You visited 2 branches of the dungeon, and saw 10 of its levels.

You collected 453 gold pieces.

Inventory:

Missiles
 i - a throwing net
 Q - a curare-tipped dart
Armour
 a - a +0 animal skin
 b - a +2 helmet
 q - a +0 helmet
 y - a +3 leather armour
 A - a +1 ring mail of fire resistance
 G - +0 swamp dragon scales (melded)
 N - a +0 pair of boots
 O - a +0 cloak
Jewellery
 p - a +6 ring of dexterity (left hand)
 s - a ring of ice
 S - a ring of see invisible (right hand)
Talismans
 c - a beast talisman
 D - a maw talisman
 I - a serpent talisman
Wands
 j - a wand of iceblast (10)
 x - a wand of quicksilver (19)
 z - a wand of polymorph (25)
 H - a wand of flame (12)
 J - a wand of mindburst (9)
 L - a wand of paralysis (9)
Scrolls
 f - 8 scrolls of identify {unknown}
 h - a scroll of immolation {unknown}
 m - a scroll of blinking {unknown}
 n - a scroll of summoning {unknown}
 o - a scroll of revelation {unknown}
 t - 5 scrolls of teleportation
 u - a scroll of fog {unknown}
 v - a scroll of amnesia {unknown}
 C - a scroll of silence {unknown}
 E - a scroll of torment {unknown}
 F - a scroll of noise {unknown}
 K - a scroll of fear {unknown}
 P - a scroll of enchant weapon {unknown}
Potions
 d - 2 potions of enlightenment {unknown}
 e - 5 potions of might {unknown}
 g - a potion of brilliance {unknown}
 k - 4 potions of degeneration {unknown}
 l - 2 potions of heal wounds {unknown}
 r - 3 potions of curing {unknown}
 w - 2 potions of magic {unknown}
 B - 3 potions of ambrosia {unknown}
 M - a potion of cancellation {unknown}


   Skills:
 - Level 1.0 Fighting
 - Level 1.7 Dodging
 + Level 10.6 Unarmed Combat
 + Level 9.1 Shapeshifting


You had 9 spell levels left.
You didn't know any spells.
Your spell library contained the following spells:

 Spells                   Type           Power      Damage    Failure   Level
 Hailstorm                Conj/Ice       0%         3d3       77%         3
 Stone Arrow              Conj/Erth      0%         3d7       77%         3
 Animate Armour           Summ/Erth      0%         N/A       99%         4
 Summon Ice Beast         Ice/Summ       0%         N/A       99%         4
 Simulacrum               Ice/Necr       0%         N/A       100%        6
 Lehudib's Crystal Spear  Conj/Erth      0%         10d2      100%        8


Dungeon Overview and Level Annotations

Branches:
Dungeon (9/15)             Temple (1/1) D:7            Lair (0/5) D:8
    Orc: D:9-12

Altars:
Ashenzari
Cheibriados
Dithmenos
Fedhas
Gozag
Hepliaklqana
Kikubaaqudgha
Makhleb
Nemelex Xobeh
Okawaru
Qazlal
Sif Muna
Trog
Uskayaw
Wu Jian
Xom
Yredelemnul

Shops:
D:3 [

Annotations:
D:9 Erolcha, Grum


Innate Abilities, Weirdness & Mutations

You are an enormous anaconda.
You have a powerful constriction melee attack.
Your maximum health is increased.
Your armour is entirely melded.
You are incapable of wielding weapons or throwing items.
((You have large cloven feet.))
((You are mostly covered in icy blue scales. (AC +3)))
You regenerate a little health from kills.
You sometimes gain a little power by taking damage.


Message History

You take 7 damage, and have 20/78 hp.
As you read the scroll labelled DEUZEE QAGI, it crumbles to dust.
You feel strangely unstable.
It was a scroll of teleportation.
t - 5 scrolls of teleportation;
d - 2 white potions The wolf bites you!
* * * LOW HITPOINT WARNING * * *
The wolf closely misses you. x2; The wolf bites you.
* * * LOW HITPOINT WARNING * * *
The wolf barely misses you. The wolf completely misses you.
Grum hits you from afar with a -1 spear!
* * * LOW HITPOINT WARNING * * *
You take 17 damage, and have 3/78 hp.
MASSIVE DAMAGE!!
The wolf misses you. The wolf bites you but does no damage.
The wolf barely misses you.
You regained 3 hp, and now have 6/78 hp.
The wolf attacks as you move away! The wolf bites you.
* * * LOW HITPOINT WARNING * * *
Found a hazy altar of Hepliaklqana.
Your surroundings suddenly seem different. 2 kobolds come into view.
You take 1 damage, and have 5/78 hp.
You regained 3 hp, and now have 8/78 hp.
You regained 2 hp, and now have 10/78 hp.
You regained 2 hp, and now have 12/78 hp.
Erolcha the Cunning comes into view.
She is wielding a +0 giant club.
Erolcha shouts!
You regained 2 hp, and now have 14/78 hp.
A red film seems to cover your vision as you go berserk!
You feel yourself moving faster!
You feel mighty!
Erolcha casts a spell.
Erolcha blinks!
You now have 24/116 hp.
You feel a strong urge to attack something.
You hit Erolcha. You grab Erolcha.
Erolcha is lightly wounded.
You constrict Erolcha.
You body-slam Erolcha!!
Erolcha is heavily wounded.
You constrict Erolcha. Erolcha hits you with a +0 giant club!!
You die...

## ...# #.. ### ##..
... ... # K ##.##.#
.#..K
###...#.######......
.......O............
##...#S###.##......
## #ยง# #.# ##...
#.# #.# . ..# #.#
.### #.# .# #.# #.
#.# #


You could see Erolcha.

Vanquished Creatures
  Pikel (D:6)
  Maggie (D:6)
  Psyche (D:8)
  The ghost of initializr the Chiller, an amateur OgIE (D:5)
  A troll (D:8)
  Sigmund (D:5)
  2 steam dragons (D:8)
  2 vampire mosquitoes (D:9)
  3 water moccasins
  Duvessa (D:6)
  3 orc warriors
  An ice beast (D:5)
  2 black bears (D:3)
  4 wolves
  3 ogres
  A centaur (D:7)
  2 lemures (D:6)
  A phantom (D:5)
  2 kobold brigands
  2 bullfrogs (D:7)
  5 scorpions
  Dowan (D:6)
  2 electric eels (D:8)
  9 orc priests
  8 hounds
  2 centaur skeletons (D:5)
  A gnoll bouda (D:8)
  Crazy Yiuf (D:7)
  A bullfrog skeleton (D:5)
  3 jellies
  Ijyb (D:5)
  2 iguanas (D:4)
  A sleepcap (D:4)
  5 orc wizards
  4 gnolls (D:8)
  9 adders
  A shadow imp (D:8)
  A white imp (D:6)
  3 worms
  3 dart slugs
  24 orcs
  6 endoplasms
  2 giant cockroaches
  10 goblins
  9 hobgoblins
  20 kobolds
  7 quokkas
  14 ball pythons
  5 bats
  3 frilled lizards
  12 rats
210 creatures vanquished.

Vanquished Creatures (others)
  2 orcs (D:8)
  A kobold (D:8)
3 creatures vanquished.

Grand Total: 213 creatures vanquished

Notes
Turn   | Place    | Note
-------+----------+-------------------------------------------
     0 | D:1      | Dirtsage the Demonspawn Shapeshifter began the quest for
                  | the Orb.
     0 | D:1      | Reached XP level 1. HP: 15/15 MP: 1/1
   274 | D:1      | Reached skill level 3 in Unarmed Combat
   274 | D:1      | Gained mutation: You sometimes gain a little power by
                  | taking damage. [demonic ancestry]
   274 | D:1      | Reached XP level 2. HP: 16/21 MP: 2/2
  1024 | D:2      | Reached XP level 3. HP: 26/26 MP: 3/3
  1414 | D:2      | Found a faded altar of an unknown god.
  2010 | D:2      | Gained mutation: You are partially covered in icy blue
                  | scales. (AC +2) [demonic ancestry]
  2010 | D:2      | Reached XP level 4. HP: 32/32 MP: 4/4
  2087 | D:3      | Found Hofooraw's Antique Armour Emporium.
  2360 | D:3      | Reached skill level 4 in Unarmed Combat
  2531 | D:3      | Found a shimmering blue altar of Sif Muna.
  2610 | D:3      | Noticed a black bear
  2616 | D:3      | Killed a black bear
  2617 | D:3      | Reached XP level 5. HP: 37/37 MP: 5/5
  2775 | D:3      | Found a bloodstained altar of Trog.
  2984 | D:3      | Became a worshipper of Trog the Wrathful
  3209 | D:4      | Gained mutation: You are mostly covered in icy blue scales.
                  | (AC +3) [demonic ancestry]
  3209 | D:4      | Reached XP level 6. HP: 32/43 MP: 6/6
  3364 | D:4      | Reached skill level 5 in Unarmed Combat
  3923 | D:4      | Found a shimmering altar of Xom.
  3950 | D:4      | Reached XP level 7. HP: 45/48 MP: 7/7
  4028 | D:4      | Found a sparkling altar of Nemelex Xobeh.
  4076 | D:4      | Reached * piety under Trog
  4190 | D:5      | Entered Level 5 of the Dungeon
  4221 | D:5      | Reached skill level 5 in Shapeshifting
  4318 | D:5      | Reached skill level 6 in Unarmed Combat
  4544 | D:5      | Found a transporter.
  4563 | D:5      | Found a transporter.
  4566 | D:5      | Noticed initializr's ghost (amateur OgIE)
  4642 | D:5      | Gained mutation: You regenerate a little health from kills.
                  | [demonic ancestry]
  4642 | D:5      | Reached XP level 8. HP: 54/54 MP: 8/8
  4782 | D:5      | Found a stormy altar of Qazlal.
  4784 | D:5      | Noticed Sigmund
  4841 | D:5      | Killed Sigmund
  4842 | D:5      | Reached skill level 7 in Unarmed Combat
  5045 | D:5      | Noticed Ijyb
  5051 | D:5      | Killed Ijyb
  5418 | D:5      | Killed initializr's ghost
  5637 | D:6      | Noticed Pikel
  5658 | D:6      | Killed Pikel
  5659 | D:6      | Reached skill level 8 in Unarmed Combat
  5659 | D:6      | Reached XP level 9. HP: 59/59 MP: 9/9
  5724 | D:6      | Noticed Dowan
  5725 | D:6      | Noticed Duvessa
  5740 | D:6      | Killed Duvessa
  5746 | D:6      | Killed Dowan
  6032 | D:6      | Reached ** piety under Trog
  6106 | D:6      | Noticed Maggie
  6119 | D:6      | Killed Maggie
  6120 | D:6      | Reached skill level 9 in Unarmed Combat
  6234 | D:6      | Found a hide-covered altar of Uskayaw.
  6243 | D:6      | Found a blossoming altar of Fedhas.
  6279 | D:6      | Found a snail-covered altar of Cheibriados.
  6781 | D:7      | Found a staircase to the Ecumenical Temple.
  6790 | Temple   | Entered the Ecumenical Temple
  7219 | D:7      | Found a runed translucent door.
  7220 | D:7      | Noticed Crazy Yiuf
  7619 | D:7      | Killed Crazy Yiuf
  7681 | D:8      | Noticed Psyche
  7704 | D:8      | Killed Psyche
  7705 | D:8      | Gained mutation: You have large cloven feet. [demonic
                  | ancestry]
  7705 | D:8      | Reached XP level 10. HP: 59/65 MP: 10/10
  7874 | D:8      | Reached skill level 10 in Unarmed Combat
  8438 | D:8      | Found a staircase to the Lair.
  8637 | D:8      | Reached *** piety under Trog
  8975 | D:9      | Noticed Grum
  8975 | D:9      | Found a basalt altar of Yredelemnul.
  8987 | D:9      | HP: 3/78 [Grum/-1 spear (7)]
  8989 | D:9      | Found a hazy altar of Hepliaklqana.
  8993 | D:9      | Noticed Erolcha
  8999 | D:9      | Mangled by Erolcha

Illustrated notes

Levels and vault maps discovered:
D:1:      onia_arrival_pyramid, layout_loops_corners
D:2:      layout_loops_corners, hellmonk_ecumenical_altar_run_dry
D:3:      layout_basic, marbit_many_paths, mainiacjoe_overflow_24_doors,
          overflow_temple_1_default, serial_shops,
          nicolae_shop_getting_attention
D:4:      layout_basic, nemelex_altar_shiori, xom_confusion_cloud
D:5:      layout_basic, nicolae_qazlal_scattered_showers,
          gammafunk_ghost_mausoleum, uniq_ijyb, uniq_sigmund
D:6:      layout_basic, mainiacjoe_overflow_alcove_4, mainiacjoe_overflow_swirl,
          corexii_checkpoint_a, due_unseen_surprise, uniq_maggie, uniq_duvessa,
          uniq_pikel
D:7:      layout_basic, minmay_temple_entry_gardened_gates, serial_curves,
          eino_curves_01, eino_curves_04, grunt_decor_one_mirror,
          nicolae_zen_rock_garden, dreamdust_wishing_well,
          uniq_crazy_yiuf_cottage
D:8:      layout_loops_cross, erik_lair_island, uniq_psyche
D:9:      layout_loops_corners, chequers_temple_overflow_statue_of_worship,
          orc_0_dummy, serial_shops, shop, uniq_erolcha, uniq_grum
Temple:   hellmonk_temple_rainy

Skill      XL: |  1  2  3  4  5  6  7  8  9 10 |
---------------+-------------------------------+-----
Unarmed Combat | 3 4 5 6 8 9 10 | 10.6
Shapeshifting  | 3 4 5 7 8 9 |  9.1
Fighting       | |  1.0
Dodging        | |  1.7

Action                     |  1- 3 |  4- 6 |  7- 9 | 10-12 || total
---------------------------+-------+-------+-------+-------++-------
  Melee: Unarmed           |   138 |   150 |   264 |    89 ||   641
         Punch             |       |     6 |    15 |     5 ||    26
         Kick              |       |       |       |    24 ||    24
         Constrict         |       |       |       |     4 ||     4
 Invoke: Berserk           |       |       |    11 |     1 ||    12
         Trog's Hand       |       |       |     1 |     1 ||     2
    Use: Potion            |       |     1 |       |       ||     1
         Scroll            |       |       |       |     1 ||     1
   Stab: Sleeping          |     2 |       |     4 |       ||     6
         Distracted        |       |     1 |     1 |       ||     2
 Armour: Animal skin       |    18 |    52 |     3 |       ||    73
         Skin              |       |     5 |       |    16 ||    21
         Leather armour    |       |       |    16 |       ||    16
         Ring mail         |       |       |    32 |       ||    32
         Swamp dragon scal |       |       |    34 |    25 ||    59
  Dodge: Dodged            |    68 |   115 |   125 |    71 ||   379
   Form: Beast             |       |       |     2 |       ||     2
                           |       |       |     1 |       ||     1
         Anaconda          |       |       |     1 |     1 ||     2
         Maw               |       |       |     1 |     1 ||     2

Table legend: (Time is in decaauts)
 A = Elapsed time spent in this place.
 B = Non-inter-level travel time spent in this place.
 C = Inter-level travel time spent in this place.
 D = Time resting spent in this place.
 E = Time spent auto-exploring this place.
 F = Levels seen in this place.
 G = Mean time per level.
                   A        B        C        D        E       F      G
               +--------+--------+--------+--------+--------+-----+--------+
         Total |   9018 |   8586 |    432 |    635 |   6383 |  10 |  901.8 |
       Dungeon |   9003 |   8578 |    425 |    635 |   6383 |   9 | 1000.3 |
        Temple |     15 |      8 |      7 |      0 |      0 |   1 |   15.0 |
               +--------+--------+--------+--------+--------+-----+--------+

Top non-repeatable levels by time:
     D:5: 1451 daAuts
     D:7: 1176 daAuts
     D:3: 1172 daAuts
     D:8: 1126 daAuts
     D:6: 1062 daAuts
     D:2: 1062 daAuts
     D:1: 1015 daAuts
     D:4: 916 daAuts
     D:9: 20 daAuts
  Temple: 15 daAuts
